 Dungeon Crawl Stone Soup version 0.29.1-2-gbd0b4ee654 (webtiles) character file.

Game seed: 16252559109418483907

66654 sizableburger the Slicer (level 14, -3/105 HPs)
             Began as a Mummy Hedge Wizard on Nov 2, 2022.
             Was an Initiate of Gozag.
             Slain by an ettin
             ... wielding a +0 dire flail
              (33 damage)
             ... on level 12 of the Dungeon on Nov 3, 2022.
             The game lasted 01:26:42 (34616 turns).

sizableburger the Slicer (Mummy Hedge Wizard)      Turns: 34616, Time: 01:26:42

Health: -3/105     AC: 21    Str: 13    XL:     14   Next: 80%
Magic:  26/26      EV: 15    Int: 17    God:    Gozag
Gold:   3095       SH:  5    Dex: 19    Spells: 9/29 levels left

rFire   . . .      SeeInvis +   k - +4 dagger (venom)
rCold   + . .      Faith    .   (no shield)
rNeg    + + +      Spirit   .   y - +3 steam dragon scales of the Valley {rF+ Dex+6}
rPois   ∞          Reflect  +   b - +2 helmet
rElec   .          Harm     .   e - +2 cloak {Will+}
rCorr   .          Rampage  .   f - +2 pair of gloves
Will    ++...                   w - +2 pair of boots
Stlth   +++++.....              s - amulet of reflection
HPRegen 0.27/turn               v - ring of see invisible
MPRegen 0.20/turn               A - ring of flight

@: about to teleport, gold aura, flying
A: cold resistance 1, negative energy resistance 3, torment resistance 2, heat
vulnerability 1, in touch with death 2, no potions
a: Renounce Religion, Potion Petition, Call Merchant, Bribe Branch


You were on level 12 of the Dungeon.
You worshipped Gozag.
Gozag was most pleased with you.
You visited 4 branches of the dungeon, and saw 19 of its levels.
You also visited: Bailey.

You collected 6108 gold pieces.
You spent 691 gold pieces at shops.
You paid 2322 gold pieces to Gozag.

Inventory:

Hand Weapons
 k - a +4 dagger of venom (weapon)
 o - a +0 antimagic dagger
 r - a +5 dagger
Missiles
 m - a throwing net
 p - 3 silver boomerangs
Armour
 b - a +2 helmet (worn)
 e - a +2 cloak of willpower (worn)
 f - a +2 pair of gloves (worn)
 g - an orb of light
 w - a +2 pair of boots (worn)
 y - the +3 steam dragon scales of the Valley (worn) {rF+ Dex+6}
   (You took it off a spriggan in a bailey)

   Dex:       It affects your dexterity (+6).
   rF:        It protects you from fire.
Magical Staves
 B - a staff of poison
Jewellery
 s - an amulet of reflection (around neck)
 v - a ring of see invisible (left hand)
 x - an amulet of the acrobat
 A - a ring of flight (right hand)
Wands
 c - a wand of flame (10)
 q - a wand of digging (9)
 t - a wand of polymorph (8)
 C - a wand of mindburst (8)
Scrolls
 a - 4 scrolls of identify
 d - 6 scrolls of teleportation
 h - a scroll of enchant armour
 i - 3 scrolls of fear
 j - 3 scrolls of enchant weapon
 l - a scroll of amnesia
 n - a scroll of silence
 z - 2 scrolls of vulnerability
 D - 2 scrolls of magic mapping


   Skills:
 + Level 8.2 Fighting
 - Level 9.9(10.0) Short Blades
 - Level 0.2(6.1) Long Blades
 - Level 3.4 Armour
 - Level 5.2 Dodging
 + Level 9.9 Stealth
 - Level 8.0 Spellcasting
 - Level 4.0 Conjurations
 + Level 7.7 Hexes
 - Level 3.2 Summonings
 - Level 4.4 Necromancy
 - Level 0.7 Translocations
 - Level 6.0 Transmutations
 - Level 4.0 Fire Magic
 - Level 4.7 Ice Magic
 - Level 4.0 Air Magic
 - Level 6.0 Poison Magic


You had 9 spell levels left.
You knew the following spells:

 Your Spells              Type           Power      Damage    Failure   Level
a - Magic Dart            Conj           80%        1d7       1%          1
b - Call Imp              Summ           18%        N/A       4%          2
c - Mephitic Cloud        Conj/Pois/Air  22%        N/A       4%          3
d - Ensorcelled Hibernat  Hex/Ice        56%        N/A       1%          2
e - Anguish               Hex/Necr       29%        N/A       9%          4
f - Alistair's Intoxicat  Tmut/Pois      18%        N/A       24%         5
g - Ignite Poison         Fire/Tmut/Pois 25%        N/A       3%          3

Your spell library contained the following spells:

 Spells                   Type           Power      Damage    Failure   Level
 Slow                     Hex            100%       N/A       1%          1
 Conjure Flame            Conj/Fire      20%        6-21      6%          3
 Apportation              Tloc           18%        N/A       8%          1
 Blink                    Tloc           18%        N/A       12%         2
 Sticky Flame             Conj/Fire      20%        2d4       21%         4
 Petrify                  Tmut/Erth      17%        N/A       30%         4
 Irradiate                Conj/Tmut      11%        3d15      36%         5
 Fireball                 Conj/Fire      10%        3d6       50%         5
 Iskenderun's Battlesphe  Conj           20%        2d7       50%         5
 Conjure Ball Lightning   Conj/Air       10%        3x3d6     97%         6
 Orb of Destruction       Conj           10%        9d6       100%        7
 Sublimation of Blood     Necr           Unusable   N/A       N/A         2
 Spider Form              Tmut/Pois      Unusable   N/A       N/A         3
 Blade Hands              Tmut           Unusable   N/A       N/A         5
 Dragon Form              Tmut           Unusable   N/A       N/A         7

Dungeon Overview and Level Annotations

Branches:
Dungeon (12/15)            Temple (1/1) D:6            Lair (5/5) D:10
 Shoals (0/4) Lair:2        Snake (0/4) Lair:3        Slime (0/5) Lair:4
    Orc (1/2) D:12         Bailey (visited)

Altars:
Ashenzari
Cheibriados
Dithmenos
Fedhas
Gozag
Hepliaklqana
Kikubaaqudgha
Makhleb
Nemelex Xobeh
Okawaru
Qazlal
Ru
Sif Muna
Trog
Uskayaw
Vehumet
Wu Jian
Xom
Yredelemnul
Jiyva

Shops:
D:1 ([[   D:3 :   D:7 *

Portals:
Abyss: D:6

Annotations:
D:6 2 transporters, Icepheonix32's ghost, novice DENe


Innate Abilities, Weirdness & Mutations

You are immune to poison.
Your flesh is cold resistant. (rC+)
You are immune to negative energy. (rN+++)
You are immune to unholy pain and torment.
You are vulnerable to heat. (rF-)
You are strongly in touch with the powers of death.
You do not drink.


Message History

You hit the ettin but do no damage.
The ettin looks as sick as possible!
The ettin is lightly wounded.
The ettin hits you with a +0 dire flail.
You block the ettin's attack.
You hit the ettin but do no damage.
The ettin is lightly wounded.
You hit the ettin.
The ettin looks as sick as possible!
The ettin is lightly wounded.
The orc warrior hits you from afar with a +0 trident.
The orc sorcerer casts a spell at you. You resist with almost no effort.
The ettin hits you with a +0 dire flail!! x2
You are too injured to fight recklessly!
You are too injured to fight recklessly!
You are too injured to fight recklessly!
You are too injured to fight recklessly!
You are too injured to fight recklessly!
You are too injured to fight recklessly!
You are too injured to fight recklessly!
Unknown command.
There is a staircase back to the Dungeon here.
The ettin closely misses you.
The ettin hits you with a +0 dire flail!!
* * * LOW HITPOINT WARNING * * *
You fly upwards.
Welcome back to the Dungeon!
There is a staircase to the Orcish Mines here.
Okay, then.
Okay, then.
Aiming: Mindburst
Press: ? - help, Shift-Dir - straight line, f - ettin
Aim: an ettin, wielding two +0 dire flails (lightly wounded, extremely poisoned, chance to affect: 47%)
Okay, then.
Okay, then.
As you read the scroll of teleportation, it crumbles to dust.
You feel strangely unstable. You block the ettin's attack.
The ettin closely misses you. The ettin attacks as you move away!
The ettin closely misses you.
The ettin hits you with a +0 dire flail!!
You die...
Your body crumbles into a pile of gold.

... ..# ..###.. #.#...
#.#..##########################
#.#..#.....................#...
###.#..#.....!...........))).#!..
.......#[.....[)@##.....).)......
......).)[....)C..........)......
###...)#[.#...[.)................
..#....#..#....[.................
..'....#.........................
..#....##########################
###......# .........# .........#


You could see an ettin (extremely poisoned).

Vanquished Creatures
  7 hydras
  2 boulder beetles (Lair:5)
  A catoblepas (Lair:5)
  11 death yaks
  5 two-headed ogres
  The ghost of bakla the Ducker, a novice GnAM (D:10)
  A deep troll shaman (Lair:5)
  Sonja (D:11)
  An orc high priest (Orc:1)
  Lodul (D:10)
  Pikel (D:7)
  2 oklob plants (Lair:2)
  4 ugly things
  2 manticores
  3 cyclopes (D:11)
  13 elephants
  8 black mambas
  Maurice (D:8)
  2 torpor snails
  10 cane toads
  An unseen horror (D:11)
  2 rime drakes
  Psyche (D:8)
  A freezing wraith (D:11)
  9 komodo dragons
  A tengu conjurer (D:11)
  3 polar bears
  3 hornets
  2 trolls
  13 blink frogs
  3 slime creatures
  4 dream sheep (Lair:1)
  3 shadows
  Sigmund (D:5)
  4 spriggans (Bailey)
  A vampire (D:11)
  51 yaks
  A wraith (D:11)
  4 wyverns
  Eustachio (D:5)
  3 basilisks
  3 vampire mosquitoes (D:12)
  Menkaure (D:5)
  5 steam dragons
  4 acid dragons
  3 nagas (Lair:3)
  10 water moccasins
  Duvessa (D:6)
  6 black bears
  13 orc warriors
  3 ice beasts
  3 sky beasts
  A swamp drake (D:12)
  18 ogres
  6 centaurs
  22 wolves
  9 bullfrogs
  A gnoll sergeant (D:7)
  2 scorpions
  2 necrophages
  7 wights
  Dowan (D:6)
  17 killer bees
  3 howler monkeys
  3 electric eels
  A crimson imp (D:5)
  2 gnoll boudas
  7 orc priests
  3 hounds
  A jelly (D:6)
  3 iguanas
  9 orc wizards
  17 gnolls
  10 adders
  A shadow imp (D:8)
  A white imp (D:5)
  2 worms (D:3)
  6 dart slugs
  36 orcs
  5 bats
  5 endoplasms
  4 giant cockroaches
  7 goblins
  7 hobgoblins
  3 kobolds
  6 quokkas
  4 ball pythons
  2 frilled lizards
  7 rats
482 creatures vanquished.

Vanquished Creatures (collateral kills)
  A yak (D:9)
  A black bear (D:4)
  A bullfrog (D:6)
  A wight (D:5)
  A killer bee (D:8)
  3 jellies
  An orc priest (D:5)
  An adder (D:2)
  A gnoll (D:6)
  A worm (D:3)
  3 orcs (D:4)
15 creatures vanquished.

Vanquished Creatures (others)
  A hydra (Lair:5)
  A cyclops (D:11)
  A human (D:4)
  An ogre (D:10)
  22 fungi
  60 plants
86 creatures vanquished.

Grand Total: 583 creatures vanquished

Notes
Turn   | Place    | Note
-------+----------+-------------------------------------------
     0 | D:1      | sizableburger the Mummy Hedge Wizard began the quest for
                  | the Orb.
     0 | D:1      | Reached XP level 1. HP: 13/13 MP: 5/5
     6 | D:1      | Found Wumask's Antique Armour Shop.
   146 | D:1      | Reached skill level 1 in Conjurations
   458 | D:1      | Reached XP level 2. HP: 20/20 MP: 5/7
   642 | D:1      | Found Asiyxoti's Armour Emporium.
   653 | D:1      | Found a faded altar of an unknown god.
   806 | D:1      | Reached skill level 1 in Fighting
   859 | D:1      | Found Zegig's Antique Weapon Shop.
  1257 | D:2      | Reached skill level 1 in Short Blades
  1372 | D:2      | Gained mutation: You are in touch with the powers of death.
                  | [Mummy growth]
  1372 | D:2      | Reached XP level 3. HP: 25/26 MP: 5/8
  1381 | D:2      | Learned a level 2 spell: Call Imp
  1464 | D:2      | Reached skill level 1 in Summonings
  2192 | D:3      | Reached XP level 4. HP: 31/33 MP: 6/10
  2904 | D:3      | Found Veosko Bulo's Book Shoppe.
  3391 | D:3      | Reached XP level 5. HP: 13/39 MP: 5/11
  3915 | D:3      | Learned a level 3 spell: Mephitic Cloud
  4259 | D:4      | Noticed a black bear
  4329 | D:4      | Killed a black bear
  4330 | D:4      | Reached skill level 1 in Air Magic
  4330 | D:4      | Reached skill level 1 in Poison Magic
  4330 | D:4      | Reached XP level 6. HP: 33/47 MP: 6/12
  4492 | D:4      | Identified a scroll of acquirement
  4497 | D:4      | Acquired 608 gold pieces
  4577 | D:1      | Bought a runed orb for 300 gold pieces
  4601 | D:1      | Bought a +0 cloak of willpower for 115 gold pieces
  4606 | D:1      | Bought a +0 pair of gloves for 45 gold pieces
  4683 | D:4      | Found an ancient bone altar of Kikubaaqudgha.
  4684 | D:4      | Noticed a human
  4686 | D:4      | Killed a human
  5168 | D:5      | Entered Level 5 of the Dungeon
  5316 | D:5      | Noticed an ice beast
  5368 | D:5      | Killed an ice beast
  5448 | D:5      | Reached XP level 7. HP: 46/53 MP: 13/13
  5656 | D:5      | Noticed Menkaure
  5683 | D:5      | Killed Menkaure
  5803 | D:5      | Noticed Sigmund
  5930 | D:5      | Killed Sigmund
  5975 | D:5      | Noticed Eustachio
  6075 | D:5      | Killed Eustachio
  6252 | D:5      | Reached XP level 8. HP: 47/60 MP: 15/15
  6377 | D:5      | Reached skill level 5 in Spellcasting
  6914 | D:6      | Noticed a hornet
  7045 | D:6      | Found a one-way gate to the infinite horrors of the Abyss.
  7045 | D:6      | Noticed Icepheonix32's ghost (novice DENe)
  7089 | D:6      | Found a transporter.
  7094 | D:6      | Found a transporter.
  7219 | D:6      | Noticed Duvessa
  7220 | D:6      | Noticed Dowan
  7233 | D:6      | Killed Duvessa
  7239 | D:6      | Killed Dowan
  7658 | D:6      | Killed a hornet
  7792 | D:6      | Reached XP level 9. HP: 44/65 MP: 14/18
  9065 | D:6      | Found a staircase to the Ecumenical Temple.
  9118 | D:6      | Found a sparkling altar of Nemelex Xobeh.
  9119 | D:6      | Found an opulent altar of Gozag.
  9150 | Temple   | Entered the Ecumenical Temple
  9267 | D:6      | Became a worshipper of Gozag Ym Sagoz the Greedy
  9610 | D:7      | Reached skill level 5 in Short Blades
  9725 | D:7      | Noticed Pikel
  9838 | D:7      | Killed Pikel
  9952 | D:7      | Learned a level 2 spell: Ensorcelled Hibernation
 10085 | D:7      | Found Aduq's General Store.
 10094 | D:7      | Reached skill level 1 in Hexes
 10175 | D:7      | Bought a +2 pair of boots for 231 gold pieces
 10216 | D:7      | Reached skill level 1 in Ice Magic
 10622 | D:7      | Found a stormy altar of Qazlal.
 11076 | D:8      | Reached XP level 10. HP: 69/71 MP: 18/21
 11352 | D:8      | Noticed Psyche
 11357 | D:8      | Noticed a two-headed ogre
 11366 | D:8      | Killed Psyche
 11378 | D:8      | Killed a two-headed ogre
 11990 | D:8      | Noticed Maurice
 12024 | D:8      | Killed Maurice
 12357 | D:9      | Found a flagged portal.
 12363 | Bailey   | Entered a bailey
 12464 | Bailey   | Reached skill level 5 in Hexes
 12536 | Bailey   | Reached XP level 11. HP: 61/77 MP: 18/23
 12698 | Bailey   | Identified the +3 steam dragon scales of the Valley {rF+
                  | Dex+6}
 12754 | Bailey   | Learned a level 4 spell: Anguish
 12788 | Bailey   | Noticed a two-headed ogre
 12812 | Bailey   | Killed a two-headed ogre
 12813 | Bailey   | Reached skill level 1 in Necromancy
 13210 | D:9      | Identified the +5 glaive "Waocvin" {antimagic, rN+ Str-4
                  | Int+6}
 13358 | D:9      | HP: 3/77 [acid dragon/splash of acid (27)]
 14208 | D:10     | Entered Level 10 of the Dungeon
 14417 | D:10     | Found a shadowy altar of Dithmenos.
 14564 | D:10     | Found a sacrificial altar of Ru.
 14648 | D:10     | Found a snail-covered altar of Cheibriados.
 14648 | D:10     | Noticed a purple ugly thing
 15338 | D:10     | Noticed Lodul
 15468 | D:10     | Killed Lodul
 15608 | D:10     | Found a staircase to the Lair.
 15625 | D:10     | Found a runed translucent gate.
 15627 | D:10     | Found a runed translucent gate.
 15629 | D:10     | Found a runed translucent gate.
 15644 | D:10     | Noticed bakla's ghost (novice GnAM)
 16912 | Lair:1   | Entered Level 1 of the Lair of Beasts
 17081 | Lair:1   | Noticed a seven-headed hydra
 17108 | Lair:1   | Killed a seven-headed hydra
 17507 | Lair:1   | Learned a level 5 spell: Alistair's Intoxication
 17668 | Lair:1   | Reached XP level 12. HP: 77/83 MP: 21/24
 17672 | Lair:1   | Learned a level 3 spell: Ignite Poison
 17865 | Lair:1   | Reached skill level 1 in Transmutations
 18470 | Lair:2   | Reached skill level 1 in Fire Magic
 18730 | Lair:2   | Reached skill level 5 in Stealth
 19206 | Lair:2   | Noticed an eight-headed hydra
 19215 | Lair:2   | Killed an eight-headed hydra
 19427 | Lair:2   | Found a staircase to the Shoals.
 19543 | Lair:2   | Reached skill level 5 in Dodging
 21377 | Lair:3   | Reached skill level 1 in Armour
 21808 | Lair:3   | Gained mutation: You are strongly in touch with the powers
                  | of death. [Mummy growth]
 21808 | Lair:3   | Reached XP level 13. HP: 81/88 MP: 25/25
 22193 | Lair:3   | Found a staircase to the Snake Pit.
 23798 | Lair:4   | Found a viscous altar of Jiyva.
 23798 | Lair:4   | Found a staircase to the Slime Pits.
 25082 | Lair:5   | Entered Level 5 of the Lair of Beasts
 25381 | Lair:5   | Found a shimmering blue altar of Sif Muna.
 25514 | Lair:5   | Reached skill level 5 in Transmutations
 25514 | Lair:5   | Reached skill level 5 in Poison Magic
 27117 | Lair:5   | Reached skill level 5 in Fighting
 27803 | Lair:5   | Reached XP level 14. HP: 71/98 MP: 26/26
 31242 | D:11     | Noticed Sonja
 31256 | D:11     | Killed Sonja
 31835 | D:11     | Found a shimmering altar of Xom.
 31982 | D:11     | HP: 3/103 [freezing wraith (11)]
 32491 | D:10     | Killed bakla's ghost
 33937 | D:12     | Found a staircase to the Orcish Mines.
 34297 | Orc:1    | Entered Level 1 of the Orcish Mines
 34616 | D:12     | Slain by an ettin

Illustrated notes

Levels and vault maps discovered:
D:1:      doesnt_arrival_eight_statues, layout_basic, basic_ecumenical_altar,
          serial_shops, shop, shop_fountains, nicolae_shop_stone,
          serial_bayou_lagoon_b
D:2:      layout_rooms
D:3:      layout_rooms, serial_shops, shop, serial_forest,
          infiniplex_forest_straight_5, infiniplex_forest_clump_medium,
          infiniplex_forest_clump_diagonal, infiniplex_forest_straight_2,
          infiniplex_forest_3_way, infiniplex_forest_end_1,
          infiniplex_forest_zigzag_1, minmay_misc_feat_alley
D:4:      layout_loops_ring, tgw_kikubaaqudgha, nicolae_kite_square_tiling_tiny
D:5:      layout_loops_ring, minmay_fire_ice_demons, uniq_menkaure,
          uniq_eustachio, uniq_sigmund
D:6:      layout_gridville, grunt_temple_overflow_opulence,
          minmay_temple_entry_enclosed_plants, gammafunk_ghost_abyssal_escape,
          minmay_chambers_of_fives, uniq_duvessa
D:7:      layout_loops_corners, grunt_qazlal_sundering,
          mainiacjoe_overflow_divided_tiny, serial_shops,
          nicolae_shop_statue_plus, uniq_pikel
D:8:      layout_cave_pools, minivault_11, uniq_maurice, uniq_psyche
D:9:      layout_gridville, enter_bailey_3
D:10:     layout_irregular_city, cheibriados_altar_2,
          nicolae_ru_great_annihilating_truth,
          nicolae_dithmenos_through_a_glass_darkly, biasface_ghost_orc_armoury,
          nrook_pool_corridor, minmay_misc_feat_enclosed, uniq_lodul
D:11:     hangedman_cross_cluster, layout_irregular_city,
          hangedman_decor_points, uniq_sonja
D:12:     layout_stronghold, erik_orc_1, serial_column_ruins, column_ruins_hut,
          column_ruins_hut_ruined, column_ruins_open_tiny,
          column_ruins_corridor_straight, column_ruins_grid_1,
          column_ruins_open_medium, nicolae_elevator_lobby_asterisk
Temple:   hellmonk_temple_forest_ring
Lair:1:   layout_regular_city, beast_lair_carwin_1, grunt_megastairs_4
Lair:2:   minmay_lair_oklob_chamber, layout_gridlike, elwin_shoals_entry_rocks,
          infiniplex_staircase_pool_2
Lair:3:   layout_cave_pods, guppyfry_snake_entry_garden
Lair:4:   layout_gridlike, dpeg_slime_entry_enclosed, minivault_26
Lair:5:   grunt_lair_end_beastmaster, layout_long_grid, lemuel_centaur_altar,
          serial_bayou_shore_a, grunt_megastairs_2
Orc:1:    layout_caves, basic_altar, serial_shops, shop, nicolae_orc_lava_room

Skill      XL: |  1  2  3  4  5  6  7  8  9 10 11 12 13 14 |
---------------+-------------------------------------------+-----
Conjurations   | 1 2 3 4 |  4.0
Fighting       | 1 2 3 4 5 8 |  8.2
Short Blades   | 1 2 3 4 5 7 8 9 |  9.9
Summonings     | 1 2 3 |  3.2
Air Magic      | 1 2 3 4 |  4.0
Poison Magic   | 1 2 3 4 6 |  6.0
Spellcasting   | 6 7 8 |  8.0
Hexes          | 2 5 7 |  7.7
Ice Magic      | 1 4 |  4.7
Dodging        | 4 5 |  5.2
Stealth        | 4 6 8 9 |  9.9
Necromancy     | 4 |  4.4
Transmutations | 3 6 |  6.0
Fire Magic     | 3 4 |  4.0
Armour         | 2 3 |  3.4
Long Blades    | |  0.2
Translocations | |  0.7

Action                   |  1- 3 |  4- 6 |  7- 9 | 10-12 | 13-15 || total
-------------------------+-------+-------+-------+-------+-------++-------
Melee: Dagger            |    51 |   147 |   380 |  1037 |  1388 ||  3003
       Hand axe          |     2 |       |       |       |       ||     2
       Punch             |       |     1 |     1 |    17 |    34 ||    53
 Cast: Magic Dart        |    66 |    24 |     2 |     7 |       ||    99
       Call Imp          |     1 |    14 |    35 |    19 |     6 ||    75
       Mephitic Cloud    |       |       |     4 |    63 |    51 ||   118
       Anguish           |       |       |       |     5 |     4 ||     9
       Ensorcelled Hiber |       |       |       |     2 |    38 ||    40
       Ignite Poison     |       |       |       |     9 |    13 ||    22
       Alistair's Intoxi |       |       |       |       |     9 ||     9
Invok: Potion Petition   |       |       |       |     3 |     1 ||     4
Evoke: Wand              |       |       |       |    11 |       ||    11
  Use: Scroll            |       |    12 |     6 |    12 |     6 ||    36
 Stab: Sleeping          |       |     4 |       |     6 |    24 ||    34
       Confused          |       |       |     2 |    59 |    52 ||   113
       Distracted        |       |       |     1 |     7 |     8 ||    16
       Paralysed         |       |       |       |     1 |       ||     1
       Petrifying        |       |       |       |       |     3 ||     3
Armor: Robe              |     6 |    13 |       |       |       ||    19
       Ring mail         |       |    30 |   140 |    37 |       ||   207
       Steam dragon scal |       |       |       |   191 |   421 ||   612
Dodge: Dodged            |    28 |    74 |   154 |   391 |   628 ||  1275
Block: Other             |       |     9 |    29 |   138 |   232 ||   408
       Orb               |       |       |    33 |    17 |       ||    50
       Reflection        |       |       |       |     2 |    12 ||    14
